 Dungeon Crawl Stone Soup version 0.32-a0-975-g85d4e5bfdb (webtiles) character file.

Game seed: 3692646098805277491

82 ezpacito the Chopper (level 4, -1/35 HPs)
             Began as a Coglin Chaos Knight on Apr 20, 2024.
             Was a Plaything of Xom.
             Slain by Sigmund
             ... wielding a +0 scythe
              (9 damage)
             ... on level 2 of the Dungeon.
             The game lasted 00:01:13 (902 turns).

ezpacito the Chopper (Coglin Chaos Knight)           Turns: 902, Time: 00:01:13

Health: -1/35      AC:  0    Str: 14    XL:     4   Next: 43%
Magic:  4/4        EV: 18    Int: 12    God:    Xom [..*...]
Gold:   54         SH:  0    Dex: 18    Spells: 4/4 levels left

rFire   . . .        a - melded +0 hand axe (chaos) {Kansuke}
rCold   . . .        h - melded +0 spear {Amala}
rNeg    . . .        b - melded +2 leather armour
rPois   .            i - melded +0 helmet
rElec   .            (cloak currently unavailable)
rCorr   .            (gloves currently unavailable)
SInv    .            (boots currently unavailable)
Will    .....        (amulet unavailable)
Stlth   +            (ring unavailable)
HPRegen 0.25/turn    (ring unavailable)
MPRegen 0.09/turn    (no gizmo)

%: no passive effects
@: confused, mighty, bat-form, flying, very quick
A: fast, flying, no casting, tiny, (off-hand wielding), (slow wielding), (warmup
strikes), no jewellery
a: Invent Gizmo, Renounce Religion


You were on level 2 of the Dungeon.
You worshipped Xom.
You were a toy of Xom.
You were a bat.
You visited 1 branch of the dungeon, and saw 2 of its levels.

You collected 54 gold pieces.

Inventory:

Hand Weapons
 a - a +0 hand axe of chaos (melded) {Kansuke}
 e - a +0 sling
 h - a +0 spear (melded) {Amala}
Armour
 b - a +2 leather armour (melded)
 i - a +0 helmet (melded)
Scrolls
 c - a scroll of butterflies
 g - a scroll of teleportation {unknown}
Potions
 d - a potion of might


   Skills:
 * Level 3.4 Fighting
 * Level 3.5(3.6) Axes
 * Level 0.9(2.2) Polearms
 * Level 2.2 Armour
 * Level 1.5 Dodging
 + Level 0.8 Stealth
 + Level 0.5 Spellcasting


You had 4 spell levels left.
You didn't know any spells.
Your spell library contained the following spells:

 Spells                   Type           Power      Damage    Failure   Level
 Summon Ice Beast         Ice/Summ       0%         N/A       67%         3
 Summon Mana Viper        Hex/Summ       0%         N/A       100%        5
 Monstrous Menagerie      Summ           0%         N/A       100%        7


Dungeon Overview and Level Annotations

Branches:
Dungeon (2/15)

Altars:

Annotations:
D:2 Sigmund


Innate Abilities, Weirdness & Mutations

You are a bat.
You are tiny and dextrous.
You move quickly.
You are flying.
Your equipment is almost entirely melded.
You are incapable of wielding weapons or throwing items.
You cannot cast spells.
((You can wield a second weapon in your off-hand.))
((It takes a long time for you to wield or remove held weapons.))
((Your first few attacks do less damage.))
You cannot equip rings or amulets.


Message History

You hear a zap.
Something tries to affect you, but you resist.
You're too confused to move!
You hear some strange, mumbled words.
A puff of flame appears from out of thin air!
The puff of flame hits you!
You take 7 damage, and have 28/35 hp.
You bump into the rock wall.
You hear a zap.
You turn into a bat.
Your +0 hand axe of chaos {Kansuke} melds into your body.
Your +0 helmet melds into your body.
Your +0 spear {Amala} melds into your body.
Your +2 leather armour melds into your body.
You bump into the rock wall.
You feel less confused.
You hear some strange, mumbled words.
A puff of flame appears from out of thin air!
The puff of flame hits you!
You take 8 damage, and have 21/35 hp.
MASSIVE DAMAGE!!
It was a potion of might.
You feel very mighty all of a sudden.
Xom thinks this is hilarious!
d - a potion of might;
e - a +0 sling Something hits you.
You take 2 damage, and have 19/35 hp.
It was a potion of lignification.
You feel woody for a moment.
Xom roars with laughter!
Something hits you!
* * * LOW HITPOINT WARNING * * *
You take 13 damage, and have 7/35 hp.
MASSIVE DAMAGE!!
You hear some strange, mumbled words.
You are confused.
You closely miss something. Something barely misses you.
You're too confused to move!
You hear some strange, mumbled words.
You are more confused.
You bump into the rock wall.
Something hits you!
You die... "It's all fun and games until someone loses an eye."

#. #.... #.##...[
#......# #......#
#......# ###......#
######
.........######....#
####....{##........#
.......b...........#
###########........#
#........#
###.#....# #..#####
... ##.# ....# #†#
.....####.#
........#.#######


There were no monsters in sight!

Vanquished Creatures
  Robin (D:2)
  2 adders (D:2)
  3 dart slugs (D:1)
  4 endoplasms (D:1)
  9 goblins
  8 hobgoblins
  2 kobolds
  A quokka (D:1)
  3 ball pythons (D:1)
  3 bats
  2 frilled lizards (D:1)
  7 rats
45 creatures vanquished.

Notes
Turn   | Place    | Note
-------+----------+-------------------------------------------
     0 | D:1      | ezpacito the Coglin Chaos Knight began the quest for the
                  | Orb.
     0 | D:1      | Reached XP level 1. HP: 18/18 MP: 1/1
   104 | D:1      | XOM: smoke on damage
   106 | D:1      | Reached skill level 1 in Dodging
   130 | D:1      | Reached XP level 2. HP: 24/24 MP: 2/2
   136 | D:1      | XOM: silly message
   360 | D:1      | Reached XP level 3. HP: 29/29 MP: 3/3
   761 | D:2      | Noticed Robin
   771 | D:2      | Killed Robin
   776 | D:2      | Reached XP level 4. HP: 28/35 MP: 4/4
   880 | D:2      | Noticed Sigmund
   902 | D:2      | Slain by Sigmund

Illustrated notes

Levels and vault maps discovered:
D:1:      dpeg_arrival_boxorama, layout_loops_ring, minmay_misc_feat_nine_boxes
D:2:      cheibrodos_greedy_goblins, layout_basic, uniq_sigmund, uniq_natasha,
          uniq_jessica, uniq_robin

Skill      XL: |  1  2 |
---------------+-------+-----
Dodging        | 1 |  1.5
Armour         | 2 |  2.2
Fighting       | |  3.4
Axes           | |  3.5
Polearms       | |  0.9
Stealth        | |  0.8
Spellcasting   | |  0.5

Action                     |  1- 3 |  4- 6 || total
---------------------------+-------+-------++-------
  Melee: Dagger            |    41 |       ||    41
         Hand axe          |    47 |    12 ||    59
         Spear             |    12 |    12 ||    24
         Unarmed           |       |     1 ||     1
    Use: Potion            |       |     2 ||     2
   Stab: Sleeping          |     2 |       ||     2
         Petrifying        |     1 |       ||     1
         Confused          |       |     1 ||     1
 Armour: Leather armour    |    35 |     6 ||    41
         Skin              |       |     4 ||     4
  Dodge: Dodged            |    34 |     5 ||    39

Table legend: (Time is in decaauts)
 A = Elapsed time spent in this place.
 B = Non-inter-level travel time spent in this place.
 C = Inter-level travel time spent in this place.
 D = Time resting spent in this place.
 E = Time spent auto-exploring this place.
 F = Levels seen in this place.
 G = Mean time per level.
                   A        B        C        D        E       F      G
               +--------+--------+--------+--------+--------+-----+--------+
         Total |    904 |    798 |    106 |      0 |    560 |   2 |  452.0 |
       Dungeon |    904 |    798 |    106 |      0 |    560 |   2 |  452.0 |
               +--------+--------+--------+--------+--------+-----+--------+

Top non-repeatable levels by time:
     D:1: 764 daAuts
     D:2: 140 daAuts
